Cogmind - Beta 11.1 @@@ ROGUE MODE // 2022.07.09 @ 21:50:54 Player: Candesce Result: Self-destructed Performance ------------- Evolutions (1) 500 Regions Visited (2) 400 Robots Destroyed (15) 75 Value Destroyed (265) 265 Prototype IDs (0) 0 Alien Tech Used (0) 0 Bonus (0) 0 TOTAL SCORE: 1240 Bonus ------- None Cogmind --------- Core Integrity 400/400 Matter 300/300 Energy 250/250 System Corruption 4% Temperature Cool (83) Movement Rolling (105) Ox1 Location -9/Materials Parts ------- > --- POWER (1) -------- Ion Engine > --- PROPULSION (3) --- Wheel Compact Wheel > --- UTILITY (3) ------ Large Storage Unit Seismic Detector Targeting Computer > --- WEAPON (2) ------- Beam Rifle > --- INVENTORY (15) --- Improved Aluminum Leg Large Storage Unit High-capacity Storage Unit Improved Terrain Scanner Transport Network Coupler Improved Targeting Computer High-powered Tractor Beam Beam Rifle Beam Rifle Assault Rifle Heavy Assault Rifle Rocket Launcher Rocket Launcher Peak State ------------ > --- POWER ------------ Ion Engine > --- PROPULSION ------- Wheel Compact Wheel Compact Wheel > --- UTILITY ---------- Large Storage Unit Seismic Detector Targeting Computer > --- WEAPON ----------- Beam Rifle Beam Rifle > --- INVENTORY -------- Improved Aluminum Leg Large Storage Unit High-capacity Storage Unit Improved Terrain Scanner High-powered Tractor Beam Beam Rifle Beam Rifle Assault Rifle Heavy Assault Rifle Rocket Launcher Rocket Launcher [Rating: 13] Favorites ----------- Power Ion Engine Engine Ion Engine Propulsion Compact Wheel Wheel Compact Wheel Utility Seismic Detector Device Seismic Detector Storage Large Storage Unit Processor Targeting Computer Weapon Beam Rifle Energy Gun Beam Rifle Ballistic Gun Assault Rifle Launcher Rocket Launcher Build | -11 -10 -9 ------- Run | Scr Mat Mat Slots Evolved 2 | . . 2 Power . | . . . Propulsion 1 | . . 1 Utility 1 | . . 1 Weapon . | . . . Parts Attached 15 | 7 5 3 Power 1 | 1 . . Engine 1 | 1 . . Core . | . . . Reactor . | . . . Propulsion 4 | 2 . 2 Treads . | . . . Leg . | . . . Wheel 4 | 2 . 2 Hover . | . . . Flight . | . . . Utility 4 | 2 1 1 Device 1 | 1 . . Storage 2 | 1 1 . Processor 1 | . . 1 Hackware . | . . . Protection . | . . . Artifact . | . . . Weapon 6 | 2 4 . Energy Gun 4 | 1 3 . Energy Cannon . | . . . Ballistic Gun 1 | 1 . . Ballistic Cannon . | . . . Launcher 1 | . 1 . Special Weapon . | . . . Impact Weapon . | . . . Slashing Weapon . | . . . Piercing Weapon . | . . . Special Melee Weapon . | . . . Unidentified Prototypes . | . . . Parts Lost 3 | . 1 2 Power . | . . . Propulsion 2 | . 1 1 Utility . | . . . Weapon 1 | . . 1 Highest Loss Streak 2 | . 1 2 To Critical Strikes . | . . . Average Slot Usage (%) 96 | . 96 95 Engine 12 | . 14 11 Wheel 26 | . 25 28 Device 12 | . 14 11 Storage 12 | . 14 11 Processor 5 | . . 11 Energy Gun 23 | . 25 22 Ballistic Gun 1 | . 2 . Naked Turns . | . . . Heaviest Build 32 | 15 32 32 Greatest Support 42 | 26 26 42 Greatest Overweight (x) 1 | 1 1 1 Average Overweight (x) . | . . . Largest Inventory Capacity 15 | 8 15 15 Average Capacity 12 | 6 10 15 Most Carried 13 | 2 10 13 Average Carried 8 | . 7 11 Final Capacity 15 | 8 15 15 Final Carried 13 | 2 10 13 Class Distribution -------------------- 100% | Mutant Dominant Class ---------------- Mutant | -10/Materials Mutant | -9/Materials Resources | -11 -10 -9 ----------- Run | Scr Mat Mat Matter Collected 404 | 282 83 39 Remotely . | . . . Salvage Created 537 | 101 278 158 Parts 29 | 4 17 8 Haulers Intercepted 3 | . 2 1 Recyclers Shooed . | . . . Parts Field Recycled . | . . . Retrieved Matter . | . . . Parts Self-Destructed . | . . . Prevented . | . . . Kills | -11 -10 -9 ------- Run | Scr Mat Mat Combat Hostiles Destroyed 7 | . 7 . Guns 3 | . 3 . AOE 3 | . 3 . Classes Destroyed 7 | 2 4 1 Worker 1 | . . 1 Tunneler 1 | 1 . . Hauler 3 | . 2 1 Recycler 2 | 1 . 1 Watcher 1 | . 1 . Swarmer 2 | . 2 . Grunt 5 | . 5 . Best Kill Streak 4 | 1 4 2 Combat Bots Only 3 | . 3 . Max Kills in Single Turn 2 | 1 2 1 Gunslinging . | . . . Exploded 2 | . 2 . Melee . | . . . Uniques/NPCs Destroyed . | . . . Combat | -11 -10 -9 -------- Run | Scr Mat Mat Damage Taken 452 | . 362 90 Core 138 | . 138 . Absorbed by Shields . | . . . Core Remaining (%) 72 | 100 44 . Volleys Fired 33 | 4 21 8 Largest 2 | 2 2 2 Hottest 112 | 70 112 112 Shots Fired 62 | 8 39 15 Gun 59 | 8 36 15 Cannon . | . . . Launcher 3 | . 3 . Special . | . . . Kinetic 4 | 4 . . Thermal 55 | 4 36 15 Explosive 3 | . 3 . Electromagnetic . | . . . Robot Hit Streak 9 | 3 9 7 Robot Miss Streak 9 | 2 9 3 Penetration Max . | . . . Secondary Targets . | . . . Shots Hit Robots 33 | 5 20 8 Core Hits 25 | 3 17 5 Critical Kills . | . . . Critical Parts Destroyed . | . . . Critical Strikes 1 | 1 . . Burn 1 | 1 . . Melee Attacks . | . . . Impact . | . . . Slashing . | . . . Piercing . | . . . Sneak Attacks . | . . . Combat Hostiles . | . . . Follow-up Attacks . | . . . Damage Inflicted 781 | 57 579 145 Guns 502 | 57 300 145 Cannons . | . . . Explosions 279 | . 279 . Melee . | . . . Ramming . | . . . Kinetic 32 | 32 . . Thermal 470 | 25 300 145 Explosive 279 | . 279 . Electromagnetic . | . . . Impact . | . . . Slashing . | . . . Piercing . | . . . Highest Corruption 4 | . . 4 Average Corruption 2 | . . 2 Corruption Purged . | . . . Corruption Blocked . | . . . Effects 5 | . . 5 Message Errors 1 | . . 1 Matter Fused 1 | . . 1 Energy Discharges 1 | . . 1 Misfires 1 | . . 1 Weapon Failures 1 | . . 1 Overload Shots . | . . . Overflow Damage . | . . . Projectiles . | . . . Explosions . | . . . Melee . | . . . Knockbacks . | . . . Impact . | . . . Kinetic . | . . . Secondary . | . . . Self-Inflicted Damage . | . . . Shots . | . . . Rammed . | . . . Targets Rammed . | . . . Kicked . | . . . Crushed . | . . . Highest Temperature 396 | 18 396 117 Average Temperature 138 | 10 181 47 Received Heat Transfer 150 | . 96 54 Siege Activations . | . . . Robots Corrupted . | . . . Combat Hostiles . | . . . Parts Fried . | . . . Impact Corruptions . | . . . Robots Melted 1 | . 1 . Combat Hostiles 1 | . 1 . Parts Melted 4 | . 2 2 Heat Transferred 1295 | 148 777 370 Parts Sabotaged . | . . . Parts Stolen . | . . . Parts Stripped . | . . . Power Chain Reactions . | . . . Missiles Intercepted . | . . . Alert | -11 -10 -9 ------- Run | Scr Mat Mat Peak Influence 279 | 10 279 71 Initial 6 | . 6 . Average 92 | 3 150 44 Maximum Alert Level 1 | . 1 . Low Security (%) 80 | 100 59 100 Level 1 19 | . 40 . Level 2 . | . . . Level 3 . | . . . Level 4 . | . . . Level 5 . | . . . High Security . | . . . Max Security . | . . . Squads Dispatched 4 | . 3 1 Investigation 3 | . 2 1 Extermination . | . . . Reinforcement 1 | . 1 . Assault . | . . . Garrison . | . . . Intercept . | . . . Searches Triggered . | . . . Construction Impeded . | . . . Haulers Reinforced . | . . . Active Scanning Responses . | . . . Cargo Convoy Interrupts . | . . . Stealth | -11 -10 -9 --------- Run | Scr Mat Mat Distress Signals 2 | . 2 . Communications Jammed . | . . . Distress Signals . | . . . Times Spotted 12 | . 9 3 Peak Tracking Total 4 | . 4 3 Tactical Retreats . | . . . Traps | -11 -10 -9 ------- Run | Scr Mat Mat Traps Triggered 3 | . 1 2 Indirectly . | . . . Trap Hack Attempts . | . . . Triggered . | . . . Disarmed . | . . . Reprogrammed . | . . . Reused . | . . . Traps Extracted . | . . . Installed . | . . . Triggered . | . . . Machines | -11 -10 -9 ---------- Run | Scr Mat Mat Machines Disabled 2 | . 1 1 Max in Single Turn 1 | . 1 1 Machines Sabotaged . | . . . Garrisons Compromised . | . . . Overloaded Fab Kills . | . . . Hacking | -11 -10 -9 --------- Run | Scr Mat Mat Machines Accessed 7 | . 5 2 Terminals 4 | . 3 1 Fabricators . | . . . Repair Stations . | . . . Recycling Units 3 | . 2 1 Scanalyzers . | . . . Garrison Access . | . . . Total Hacks 19 | . 15 4 Successful 11 | . 8 3 Failed 8 | . 7 1 Catastrophic 3 | . 2 1 Database Lockouts . | . . . Manual 9 | . 5 4 Terminals 12 | . 9 3 Fabricators . | . . . Repair Stations . | . . . Recycling Units 7 | . 6 1 Scanalyzers . | . . . Garrison Access . | . . . Terminal Hacks 4 | . 3 1 Part Schematic 1 | . 1 . Terminal Index 1 | . . 1 Unreport Threat 1 | . 1 . Zone Layout 1 | . 1 . Fabricator Hacks . | . . . Repair Station Hacks . | . . . Recycling Unit Hacks 3 | . 3 . Report Inventory 3 | . 3 . Scanalyzer . | . . . Garrison Access Hacks . | . . . Unauthorized Hacks 4 | . 2 2 Terminals 1 | . . 1 Operators 1 | . . 1 Fabricators . | . . . Repair Stations . | . . . Recycling Units 3 | . 2 1 Tunnel 3 | . 2 1 Scanalyzers . | . . . Garrison Access . | . . . Data Cores Recovered . | . . . Used . | . . . Hacking Detections 6 | . 5 1 Full Trace Events . | . . . Feedback Events . | . . . Feedback Blocked . | . . . Robot Schematics Acquired . | . . . Robots Built . | . . . Authchips . | . . . Time . | . . . Total Robot Build Rating . | . . . Part Schematics Acquired 1 | . 1 . Parts Built . | . . . Authchips . | . . . Time . | . . . Total Part Build Rating . | . . . Parts Repaired . | . . . Time . | . . . Parts Recycled . | . . . Recycled Matter . | . . . Retrieved Matter . | . . . Retrieved Components . | . . . Parts Scanalyzed . | . . . Part Schematics Acquired . | . . . Parts Damaged . | . . . Bothacking | -11 -10 -9 ------------ Run | Scr Mat Mat Used RIF Installer . | . . . Robots Hacked . | . . . Non-combat . | . . . Combat . | . . . Robot Hacks Applied . | . . . Relay Couplers Released . | . . . Fabnet Peak Effective % . | . . . Robots Rewired . | . . . Allies Hacked . | . . . Hacks Repelled . | . . . Allies | -11 -10 -9 -------- Run | Scr Mat Mat Total Allies . | . . . Largest Group . | . . . Highest-Rated Group . | . . . Highest-Rated Ally . | . . . Total Orders . | . . . Ally Attacks . | . . . Total Damage . | . . . Kills . | . . . Allies Corrupted . | . . . Allies Melted . | . . . Intel | -11 -10 -9 ------- Run | Scr Mat Mat Robot Analysis Total . | . . . Derelict Logs Recovered . | . . . Drone Launches . | . . . Drone Recoveries . | . . . Exploration | -11 -10 -9 ------------- Run | Scr Mat Mat Turns Passed 868 | 77 421 370 Spaces Moved 558 | 54 321 183 Core 3 | 3 . . Treads . | . . . Legs . | . . . Wheels 555 | 51 321 183 Hover . | . . . Flight . | . . . Fastest Speed 50 | 50 90 93 Average Speed 96 | 90 96 97 Slowest Speed 115 | 100 115 115 Overloaded Moves . | . . . Propulsion Burnouts . | . . . Robots Hopped . | . . . Cave-ins Triggered . | . . . Exploration Rate (%) 25 | 3 54 18 Regions Visited 2 Branch Regions . Pre-discovered Areas 3 | . 2 1 Known Exits Taken . | . . . Unknown Exits Taken 2 | 1 1 . Scrap Searched . | . . . Spaces Dug . | . . . Terrain Destroyed 13 | . 13 . Melee . | . . . Projectile . | . . . AOE 13 | . 13 . Terrain Rammed . | . . . Walls Destroyed . | . . . Machines Disabled . | . . . Actions | -11 -10 -9 --------- Run | Scr Mat Mat Total 820 | 71 391 358 Wait 196 | 3 33 160 Move 556 | 53 320 183 Hop . | . . . Pick Up 16 | 3 9 4 Fast Attach 9 | 7 . 2 Attach 1 | . . 1 Detach . | . . . Swap 5 | . 5 . Drop 4 | 1 3 . Fire 33 | 4 21 8 Melee . | . . . Ram . | . . . Kick . | . . . Crush . | . . . Escape Stasis . | . . . Rewire . | . . . Trap . | . . . Miscellaneous . | . . . Route ------- -11/Scrapyard -10/Materials (discovered 2 exits: *Mat x2) -9/Materials (discovered 1 exit: [*Min]) History --------- Turn | Location | Event 35 | -11/Scrapyard | Discovered new exit (range 15) 78 | -11/Scrapyard | Entered Materials 311 | -10/Materials | Build established: Mutant 355 | -10/Materials | Discovered new exit (range 12) 417 | -10/Materials | Core integrity fell below 50% 483 | -10/Materials | Discovered new exit (range 10) 499 | -10/Materials | Entered another Materials area 499 | -9/Materials | Evolved 2 slots: Propulsion x1, Utility x1 604 | -9/Materials | Discovered new exit (range 5) 869 | -9/Materials | Self-destructed Last Messages --------------- Found 12 terminals. Downloaded coordinate data. 00655_ Acquired Transport Network Coupler. 00672_ Acquired Imp. Targeting Computer. 00681_ System corrupted: Matter fused (-9). 00726_ VQTE HF4BRRGXSLX=Y0UD6 Q 00841_ K-01 Serf collects debris. 00843_ Transport Network Coupler melted. 00843_ Weight Redist. System melted. 00843_ A-02 Transporter destroyed. 00845_ K-01 Serf collects debris. 00846_ Acquired 9 matter. 00848_ K-01 Serf collects debris. 00854_ Triggered Shock Trap. 00854_ The floor emits a surge of raw power. 00854_ System corrupted (+2). 00856_ K-01 Serf collects debris. 00860_ Com. Wheel destroyed. 00867_ Beam Rifle destroyed. 00867_ System corrupted: Beam Rifle failed to cycle. Map ----- +----------------------------------------------------+ | ?????????????????????????????????????????????????? | | ?????????????????????????????????????????????????? | | ?????????????????????????????????????????????????? | | ?????????????????????????????????????????????????? | | ?????????????????????????????????????????????????? | | ?????????????????????????????????????????????????? | | ?????????????????????????????????????????????????? | | ?????????????????????????????????????????????????? | | ?????????????????????????????????????????????????? | | ?????????????????????????????????????????????????? | | ?????????????????????????????????????????????????? | | ?????????????????????????????????????????????????? | | ?????????????????????????????????????????????????? | | ???###########???????????????????????????????????? | | ???# #???????????????????????????????????? | | ???# #???????????????????????????????????? | | ???# """ """ #???????????????????????????????????? | | ???# """ """ #???????????????????????????????????? | | ???# """ """ #???????????????????????????????????? | | ???# #???????????????????????????????????? | | ???# #???????????????????????????????????? | | ???# #???????????????????????????????????? | | ?##########+##???????????????????????????????????? | | # # #############???#####+#?????????????? | | # +/|= ## T g #?????????????? | | # #/%T @u g #?????????????? | | # # |! ##### """ ## g #?????????????? | | # !! ######???# "Y" #??? k #?????????????? | | # ! #????????# " " !##???? #?????????????? | | # #????????# #??????""#?????????????? | | # #????????# #????????#?????????????? | | #########????????# /??????????????????????? | | ??????############ [ # ?????????????????????? | | ??????# ####????????????????????? | | ??????# #???????????????????????? | | ??????# #???????????????????????? | | ??????# #???????????????????????? | | ??????# """ """ """ #???????????????????????? | | ??????## """ """ """ #???????????????????????? | | ######## """ """ """ #???????????????????????? | | # # +???????????????????????? | | # # #???????????????????????? | | #""" # """ """ """ ##############??????????? | | #""" # """ """ "" !%* ! #?????###+## | | #""" # """ """ """ %* ####### | | # + | | # # | | ######## ### ###################### | | ??????# ## ########??????????#####+#+### | | ?????# # + #??????????# ## # | +----------------------------------------------------+ Best States ------------- Heat Dissipation 28 Energy Generation 10 Energy Capacity 250 Matter Stores 300 Matter Capacity 300 Sight Range 16 Terrain Scan Density 10 Evasion (%) 42 Targeting Accuracy 5 Item Schematics ----------------- Hcp. Storage Unit | -10/Materials | Hacked Robot Schematics ------------------ None Fabricated ------------ Nothing Alien Tech Used ----------------- None Achievements -------------- None Challenges ------------ None Game ------ Seed GuidanceScanMatter Manual? 0 Play Time 00:11:00 Cumulative 45.4 hours Start 2022.07.09 @ 21:40:13 End 2022.07.09 @ 21:50:54 Sessions 1 Manual Loads 0 Difficulty Rogue Special Mode None Game No. 117 Rogue 117 Adventurer 0 Explorer 0 Win Type - Total 1 Types 0/0/0/1/0/0/0/0/0 Lore% 54 Gallery% 61 Achievement% 47 Wizard Run 0 Options --------- ASCII 0 Keyboard 0 Movement Numpad Keybinds 0 Fullscreen 1 Font 14/SmallcapsGlow Map View 84x54 Tactical HUD 1 Map Filters NONE Filters NONE Steam 1 RUN: 7337da53-49c1-4e74-a43a-8e9184a3ba0b